 Dungeon Sprint DCSS version 0.17-a0-1667-g4ca74a1 (webtiles) character file.

112014 Kidiri the Imperceptible (level 15, -48/63 HPs)
             Began as a Spriggan Enchanter on Aug 17, 2015.
             Was the Champion of Dithmenos.
             Annihilated by Antaeus (70 damage)
             ... in the Dungeon (Sprint III: "The Ten Rune Challenge").
             The game lasted 00:54:47 (9233 turns).

Kidiri the Imperceptible (Spriggan Enchanter)       Turns: 9233, Time: 00:54:50

Health: -48/63     AC:  9    Str:  2    XL:     15   Next: 34%
Magic:  28/49      EV: 45    Int: 24    God:    Dithmenos [******]
Gold:   2844       SH:  0    Dex: 23    Spells: 18 memorised, 1 level left

rFire  + + .     SeeInvis +     w - +4 quick blade
rCold  + + .     Clarity  .     K - +0 robe {rC+ rF+}
rNeg   + . .     SustAt   .     (shield restricted)
rPois  +         Gourm    .     j - +0 hat
rElec  .         Spirit   .     b - +2 cloak {+Inv}
rCorr  .         Warding  +     (gloves unavailable)
rMut   .         NoTele   +     (boots unavailable)
MR     +++..                    I - brooch of Shielding {Ward rN+ AC+4 EV+4}
Stlth  ++++++++++               J - ring "Nyhept" {rF+ rC+ Int+3 Dex+4 Stlth-}
                                x - ring "Aruimuis" {+Fly MR+ MP+9 Stlth-}

@: frozen, very slightly contaminated, wreathed by umbra, invisible, extremely
resistant to hostile enchantments, uncannily stealthy
A: unfitting armour, see invisible, herbivore 3, speed 3, poison resistance,
slow metabolism 2, weak 1
a: Shadow Step, Shadow Form, Renounce Religion, Turn Visible, Evoke Flight
}: 2/10 runes: decaying, serpentine


You were in the Dungeon.
You worshipped Dithmenos.
Dithmenos was exalted by your worship.
You were not hungry.

You visited 1 branch You collected 3089 gold pieces.
You spent 245 gold pieces at shops.

Inventory:

Hand weapons
 a - the +1 rapier "Qegry" {antimagic, Int+5}
   (You found it in the Dungeon)

   It disrupts the flow of magical energy around spellcasters and certain
   magical creatures (including the wielder).
   It affects your intelligence (+5).
 w - a +4 quick blade (weapon)
Missiles
 n - 9 throwing nets (quivered)
Armour
 b - a +2 cloak of invisibility (worn)
 j - a +0 hat (worn)
 K - a +0 robe of resistance (worn)
Jewellery
 x - the ring "Aruimuis" (left hand) {+Fly MR+ MP+9 Stlth-}
   (You took it off a deep elf annihilator in the Dungeon)

   [ring of magical power]

   It affects your resistance to hostile enchantments.
   It affects your magic capacity (+9).
   It lets you fly.
   It makes you less stealthy.
 I - the brooch of Shielding (around neck) {Ward rN+ AC+4 EV+4}
   (You took it off a deep elf high priest in the Dungeon)

   [amulet of warding]

   It may prevent the melee attacks of summoned creatures.
   It affects your AC (+4).
   It affects your evasion (+4).
   It protects you from negative energy.
 J - the ring "Nyhept" (right hand) {rF+ rC+ Int+3 Dex+4 Stlth-}
   (You took it off a deep elf annihilator in the Dungeon)

   [ring of protection from fire]

   It affects your intelligence (+3).
   It affects your dexterity (+4).
   It protects you from fire.
   It protects you from cold.
   It makes you less stealthy.
Magical devices
 c - a wand of frost (19)
 t - a wand of slowing (19)
 C - a wand of draining (7)
Scrolls
 p - 4 scrolls of remove curse
 y - 2 scrolls of silence
 G - a scroll of identify
 H - 3 scrolls of amnesia
Potions
 d - 2 potions of resistance
 e - 4 potions of curing
 f - a potion of heal wounds
 g - a potion of haste
 h - 3 potions of magic
 i - 2 potions of berserk rage
 k - 3 potions of agility
 r - 2 potions of cure mutation
 s - 3 potions of might
 v - a potion of flight
Books
 D - a book of Necromancy

   Spells                             Type                      Level
   a - Pain                           Necromancy                   1
   b - Animate Skeleton               Necromancy                   1
   c - Vampiric Draining              Necromancy                   3
   d - Regeneration                   Charms/Necromancy            3
   e - Animate Dead                   Necromancy                   4
   f - Control Undead                 Necromancy                   4
 E - the Volume of Confrontation
   (You found it in the Dungeon)

   Spells                             Type                      Level
   a - Magic Dart                     Conjuration                  1
   b - Iskenderun's Battlesphere      Conjuration/Charms           5
   c - Delayed Fireball               Conjuration/Fire             7
   d - Spellforged Servitor           Conjuration/Summoning        7
Comestibles
 l - a bread ration
 q - 30 royal jellies
 u - 5 fruits


   Skills:
 + Level 14.3 Short Blades
 * Level 23.7 Dodging
 * Level 25.6 Stealth
 * Level 20.5 Spellcasting
 + Level 10.1 Conjurations
 + Level 15.6 Hexes
 + Level 7.5 Charms
 + Level 4.8 Necromancy
 + Level 7.6 Translocations
 + Level 11.2 Ice Magic
 + Level 11.5 Air Magic
 + Level 5.0 Earth Magic
 + Level 12.6 Poison Magic
 - Level 4.3 Invocations
 + Level 7.2 Evocations


You had one spell level left.
You knew the following spells:

 Your Spells              Type           Power        Failure   Level  Hunger
a - Corona                Hex            #######      0%          1    None
b - Ensorcelled Hibernat  Hex/Ice        ######       0%          2    None
c - Confuse               Hex            #######.     0%          3    None
d - Tukima's Dance        Hex            #######.     0%          3    None
e - Dazzling Spray        Conj/Hex       ######..     1%          3    None
f - Mephitic Cloud        Conj/Pois/Air  ######..     1%          3    None
g - Freezing Cloud        Conj/Ice/Air   ######....   3%          6    ##.....
h - Poisonous Cloud       Conj/Pois/Air  ######....   2%          6    ##.....
i - Slow                  Hex            #######.     0%          2    None
j - Magic Dart            Conj           ####         1%          1    None
k - Gell's Gravitas       Hex/Tloc       ######....   1%          3    None
l - Cause Fear            Hex            #######...   1%          4    None
m - Leda's Liquefaction   Hex/Erth       ######....   1%          4    None
n - Animate Skeleton      Necr           N/A          1%          1    None
o - Pain                  Necr           ####         1%          1    None
p - Regeneration          Chrm/Necr      ######....   1%          3    None
q - Vampiric Draining     Necr           #####.....   1%          3    None
r - Iskenderun's Battles  Conj/Chrm      ######..     1%          5    None


Dungeon Overview and Level Annotations

Branches:
Dungeon (1/1)

Altars:
Cheibriados
Dithmenos
Elyvilon
Fedhas
Gozag
Kikubaaqudgha
Makhleb
Nemelex Xobeh
Okawaru
Qazlal
Ru
Sif Muna
Trog
Vehumet
Xom
Yredelemnul
Zin
The Shining One
Jiyva
Lugonu

Shops:
D %}[(%}=!:%([=?!([}?

Annotations:
D Antaeus


Innate Abilities, Weirdness & Mutations

You are tiny and cannot use many weapons and most armour.
You have supernaturally acute eyesight.
You are a herbivore.
You cover ground extremely quickly.
You need consume almost no food.
Your system is resistant to poisons.
You are weak. (Str -2)


Message History

Unknown command.
Casting: Dazzling Spray
Confirm with . or Enter, or press ? or * to list all spells.
Okay, then.
Unknown command.
Use which ability? (? or * to list)
You fade into invisibility!
You are very lightly contaminated with residual magic.
You feel quite a bit more hungry.
The greater mummy gestures wildly while chanting.
Antaeus barely misses you. Antaeus hits you. Antaeus freezes you! You resist.
The wight completely misses you.
Drink which item? (? for menu, Esc to quit)
You feel much better.
A spear hits the flying skull!
The bone dragon bites you.
The bone dragon completely misses you. x2
The greater mummy calls on the powers of darkness!
Your body is wracked with pain!
You emit a cloud of dark smoke.
Antaeus hits you!!!
Ouch! That really hurt!
You die...

#+#§.§§.#.∩∩∩∩.#)....#.#..'......
#§§§§§§§#......#.#)#.+.#..#....^^
#§§§§§.§###++###..#..#.#..#....^.
§§§§...§#.⌠..⌠.#.....###########'
#######§#......#################.
#.#.#.#........#,*,#.#(#.#)#.#)#.
...............#+#+#+#+#+#+#+#+#'
...............#CzMzZ.^.......^..
#+##############@DZzW^..^....)^.^
,,,**,*≈≈≈≈≈≈**#+#n#+#+#+#+#+#+#+
,,,,**+*,≈≈,≈*,*,#:#.#.#(#)#[#)#[
,,,,,***,,,,≈*,*+▓▓▓▓▓▓▓▓▓▓▓▓▓▓▓▓
,,,,,+,,,,,,,,,*,,*,,,,,,,,,,,,,,
,,,,,*****,,≈*,*,,*,,,,,,,,,,,,,,
,,,,**,,,**,≈*,*,,*,,**********,,
,,,***,*,,**+***,,*,,*,,,,,,,,*,,
*+****,**,**,,,*,,*,,*,,,,,,,,*,,


You could see Antaeus, a greater mummy, a bone dragon, a necrophage, a flying
skull, a wight and 2 bat zombies.

Vanquished Creatures
  Norris (D)
  Xtahua (D)
  3 bone dragons (D)
  A lich (D)
  Rupert (D)
  A deep elf master archer (D)
  Gastronok (D)
  Chuck (D)
  2 shadow dragons (D)
  Dowan (D)
  A greater naga (D)
  Maud (D)
  2 vampire knights (D)
  4 deep elf annihilators (D)
  Azrael (D)
  2 dire elephants (D)
  A deep elf death mage (D)
  3 yaktaur captains (D)
  Erolcha (D)
  3 hydras (D)
  6 fire dragons (D)
  A deep elf high priest (D)
  A centaur warrior (D)
  A naga warrior (D)
  5 anacondas (D)
  4 dancing weapons (D)
  4 death yaks (D)
  An ogre mage (D)
  2 deep elf knights (D)
  A spriggan druid (D)
  3 skeletal warriors (D)
  A death drake (D)
  2 deep elf summoners (D)
  2 obsidian statues (D)
  A lindwurm (D)
  A mana viper (shapeshifter) (D)
  4 crystal guardians (D)
  6 ugly things (D)
  2 elephants (D)
  A guardian serpent (D)
  4 black mambas (D)
  2 spiny frogs (D)
  Duvessa (D)
  A komodo dragon (D)
  2 yaktaurs (D)
  2 deep elf priests (D)
  A queen bee (D)
  4 spriggan defenders (D)
  A fire drake (D)
  3 wandering mushrooms (D)
  8 blink frogs (D)
  7 slime creatures (D)
  3 orc high priests (D)
  2 trapdoor spiders (D)
  2 spriggans (D)
  A shadow (D)
  4 redbacks (D)
  A spatial vortex (D)
  2 hill giants (D)
  2 water moccasins (D)
  2 nagas (D)
  A swamp drake (D)
  4 orc warriors (D)
  A necrophage (D)
  3 two-headed ogres (D)
  2 brain worms (D)
  A water elemental (D)
  31 killer bees (D)
  An electric eel (D)
  3 orc priests (D)
  Crazy Yiuf (D)
  A jelly (D)
  Jessica (D)
  A necromancer (D)
  An orc wizard (D)
  A wizard (D)
  A kobold demonologist (D)
  3 humans (D)
  4 adders (D)
  2 oozes (D)
  An adder simulacrum (D)
  11 orcs (D)
  2 bat simulacra (D)
  A ball python zombie (D)
  A giant cockroach zombie (D)
  A rat (D)
  2 plants (D)
218 creatures vanquished.

Vanquished Creatures (collateral kills)
  A killer bee (D)
1 creature vanquished.

Vanquished Creatures (others)
  2 draconian scorchers (D)
  3 yaktaurs (D)
  2 fire drakes (D)
  A plant (D)
8 creatures vanquished.

Grand Total: 227 creatures vanquished

Notes
Turn   | Place    | Note
--------------------------------------------------------------
     0 | D        | Kidiri the Spriggan Enchanter began the quest for the Orb.
     0 | D        | Reached XP level 1. HP: 9/9 MP: 5/5
     4 | D        | Reached skill level 5 in Stealth
     8 | D        | Reached XP level 2. HP: 10/13 MP: 7/7
    12 | D        | Learned a level 2 spell: Ensorcelled Hibernation
    88 | D        | Noticed Jessica
    91 | D        | Killed Jessica
    91 | D        | Reached skill level 5 in Dodging
    91 | D        | Reached skill level 6 in Stealth
    91 | D        | Reached skill level 1 in Ice Magic
    91 | D        | Reached XP level 3. HP: 16/16 MP: 7/9
   117 | D        | Learned a level 3 spell: Confuse
   121 | D        | Learned a level 3 spell: Tukima's Dance
   186 | D        | Killed a fire drake
   247 | D        | Killed a white draconian scorcher
   304 | D        | Killed a white draconian scorcher
   340 | D        | Killed a yaktaur
   440 | D        | Noticed Crazy Yiuf
   447 | D        | Killed Crazy Yiuf
   447 | D        | Reached skill level 7 in Stealth
   518 | D        | Reached skill level 5 in Spellcasting
   518 | D        | Reached XP level 4. HP: 7/21 MP: 1/12
   525 | D        | Learned a level 3 spell: Dazzling Spray
   567 | D        | Killed a fire drake
   831 | D        | Gained mutation: Your system is resistant to poisons. [potion of mutation]
   831 | D        | Gained mutation: You are frail (-10% HP). [potion of mutation]
   831 | D        | Gained mutation: Your mind is acute. (Int +2) [potion of mutation]
   832 | D        | Gained mutation: You expend magic power (3 MP) to strengthen your wands. [potion of mutation]
   832 | D        | Gained mutation: You are weak. (Str -2) [potion of mutation]
   833 | D        | Lost mutation: Your mind is acute. (Int +2) [potion of mutation]
   833 | D        | Gained mutation: You are agile. (Dex +2) [potion of mutation]
   835 | D        | Lost mutation: You expend magic power (3 MP) to strengthen your wands. [potion of cure mutation]
   835 | D        | Lost mutation: You are weak. (Str -2) [potion of cure mutation]
   835 | D        | Lost mutation: You are frail (-10% HP). [potion of cure mutation]
   835 | D        | Lost mutation: You are agile. (Dex +2) [potion of cure mutation]
   905 | D        | Noticed a water elemental
   908 | D        | Killed a water elemental
   908 | D        | Reached skill level 8 in Stealth
   908 | D        | Reached skill level 5 in Hexes
   917 | D        | Noticed a jelly
   918 | D        | Noticed a shadow
   920 | D        | Killed a shadow
   920 | D        | Reached skill level 9 in Dodging
   920 | D        | Reached skill level 10 in Stealth
   920 | D        | Reached XP level 5. HP: 24/24 MP: 13/15
   920 | D        | Reached XP level 6. HP: 28/28 MP: 14/17
   924 | D        | Killed a jelly
   943 | D        | Found a stormy altar of Qazlal.
   944 | D        | Noticed a spatial vortex
   944 | D        | Found a sacrificial altar of Ru.
   944 | D        | Found a burning altar of Makhleb.
   944 | D        | Found a viscous altar of Jiyva.
   944 | D        | Found a shimmering altar of Xom.
   944 | D        | Found a shadowy altar of Dithmenos.
   944 | D        | Found a sparkling altar of Nemelex Xobeh.
   944 | D        | Found a corrupted altar of Lugonu.
   944 | D        | Found an opulent altar of Gozag.
   948 | D        | Became a worshipper of Dithmenos the Shadowed
   982 | D        | Killed a spatial vortex
   982 | D        | Reached skill level 5 in Short Blades
   982 | D        | Reached skill level 11 in Stealth
   982 | D        | Reached skill level 1 in Invocations
  1085 | D        | Found a radiant altar of Vehumet.
  1086 | D        | Found a deep blue altar of Sif Muna.
  1086 | D        | Found an ancient bone altar of Kikubaaqudgha.
  1086 | D        | Noticed a wizard
  1087 | D        | Killed a wizard
  1087 | D        | Reached skill level 10 in Dodging
  1105 | D        | Learned a level 3 spell: Mephitic Cloud
  1112 | D        | Learned a level 6 spell: Freezing Cloud
  1117 | D        | Found a glowing silver altar of Zin.
  1118 | D        | Found a glowing golden altar of the Shining One.
  1118 | D        | Found a white marble altar of Elyvilon.
  1118 | D        | Noticed a deep elf priest
  1120 | D        | Killed a deep elf priest
  1120 | D        | Reached skill level 1 in Air Magic
  1120 | D        | Reached skill level 1 in Poison Magic
  1120 | D        | Reached XP level 7. HP: 32/32 MP: 18/20
  1132 | D        | Found an iron altar of Okawaru.
  1133 | D        | Found a bloodstained altar of Trog.
  1133 | D        | Noticed a human
  1133 | D        | Noticed a human
  1135 | D        | Killed a human
  1135 | D        | Reached skill level 12 in Stealth
  1140 | D        | Killed a human
  1189 | D        | Found a snail-covered altar of Cheibriados.
  1189 | D        | Noticed a necrophage
  1190 | D        | Found a basalt altar of Yredelemnul.
  1190 | D        | Found a blossoming altar of Fedhas.
  1190 | D        | Noticed a necromancer
  1196 | D        | Killed a necrophage
  1196 | D        | Acquired Dithmenos's first power
  1196 | D        | Reached XP level 8. HP: 31/36 MP: 5/22
  1196 | D        | Killed a necromancer
  1293 | D        | Noticed a two-headed ogre
  1293 | D        | Noticed a two-headed ogre
  1297 | D        | Noticed a two-headed ogre
  1301 | D        | Killed a two-headed ogre
  1306 | D        | Killed a two-headed ogre
  1309 | D        | Killed a two-headed ogre
  1381 | D        | Noticed a hill giant
  1384 | D        | Killed a hill giant
  1384 | D        | Acquired Dithmenos's second power
  1384 | D        | Reached skill level 13 in Stealth
  1384 | D        | Reached skill level 10 in Spellcasting
  1389 | D        | Noticed a hill giant
  1389 | D        | Noticed Erolcha
  1391 | D        | Killed Erolcha
  1391 | D        | Reached XP level 9. HP: 39/39 MP: 22/24
  1392 | D        | Killed a hill giant
  1428 | D        | Learned a level 6 spell: Poisonous Cloud
  1431 | D        | Noticed a redback
  1437 | D        | Killed a redback
  1437 | D        | Acquired Dithmenos's third power
  1437 | D        | Reached skill level 14 in Stealth
  1437 | D        | Reached skill level 5 in Ice Magic
  1444 | D        | Noticed a trapdoor spider
  1700 | D        | Killed a trapdoor spider
  1750 | D        | Noticed a wandering mushroom
  1771 | D        | Noticed a trapdoor spider
  1773 | D        | Killed a trapdoor spider
  1835 | D        | Noticed a killer bee
  1835 | D        | Noticed a killer bee
  1835 | D        | Noticed a killer bee
  1835 | D        | Noticed a killer bee
  1835 | D        | Noticed a killer bee
  1835 | D        | Noticed a killer bee
  1835 | D        | Noticed a killer bee
  1835 | D        | Noticed a killer bee
  1835 | D        | Noticed a killer bee
  1835 | D        | Noticed a killer bee
  1835 | D        | Noticed a killer bee
  1835 | D        | Noticed a killer bee
  1835 | D        | Noticed a queen bee
  1835 | D        | Noticed a killer bee
  1835 | D        | Noticed a killer bee
  1836 | D        | Noticed a killer bee
  1837 | D        | Noticed a killer bee
  1837 | D        | Noticed a killer bee
  1837 | D        | Noticed a killer bee
  1837 | D        | Noticed a killer bee
  1837 | D        | Noticed a killer bee
  1838 | D        | Noticed a killer bee
  1838 | D        | Noticed a killer bee
  1841 | D        | Noticed a killer bee
  1843 | D        | Killed a killer bee
  1845 | D        | Killed a killer bee
  1851 | D        | Killed a killer bee
  1856 | D        | Killed a killer bee
  1856 | D        | Acquired Dithmenos's fourth power
  1886 | D        | Noticed a killer bee
  1886 | D        | Noticed a killer bee
  1886 | D        | Noticed a killer bee
  1886 | D        | Noticed a killer bee
  1887 | D        | Noticed a killer bee
  1887 | D        | Noticed a killer bee
  1887 | D        | Noticed a killer bee
  1888 | D        | Noticed a killer bee
  1889 | D        | Killed a killer bee
  1894 | D        | Noticed a killer bee
  1896 | D        | Killed a killer bee
  1904 | D        | Gained mutation: You are weak. (Str -2) [mutagenic glow]
  2140 | D        | Killed a yaktaur
  2185 | D        | Killed a killer bee
  2188 | D        | Killed a killer bee
  2190 | D        | Killed a killer bee
  2194 | D        | Killed a killer bee
  2196 | D        | Killed a killer bee
  2199 | D        | Killed a killer bee
  2202 | D        | Killed a killer bee
  2204 | D        | Killed a killer bee
  2207 | D        | Killed a killer bee
  2357 | D        | Killed a killer bee
  2359 | D        | Killed a killer bee
  2361 | D        | Killed a killer bee
  2363 | D        | Killed a killer bee
  2365 | D        | Killed a killer bee
  2367 | D        | Killed a killer bee
  2367 | D        | Reached skill level 15 in Stealth
  2369 | D        | Killed a killer bee
  2388 | D        | Killed a killer bee
  2395 | D        | Killed a killer bee
  2397 | D        | Killed a killer bee
  2399 | D        | Killed a killer bee
  2399 | D        | Reached skill level 5 in Poison Magic
  2401 | D        | Killed a killer bee
  2403 | D        | Killed a killer bee
  2403 | D        | Reached XP level 10. HP: 44/44 MP: 3/26
  2412 | D        | Killed a killer bee
  2714 | D        | Killed a killer bee
  2724 | D        | Killed a queen bee
  2739 | D        | Killed a killer bee
  2758 | D        | Killed a killer bee
  2758 | D        | Reached skill level 5 in Air Magic
  2840 | D        | Noticed Dowan
  2840 | D        | Noticed Duvessa
  2845 | D        | Noticed a wandering mushroom
  2845 | D        | Noticed a wandering mushroom
  2846 | D        | Killed a wandering mushroom
  2848 | D        | Killed a wandering mushroom
  2849 | D        | Killed a wandering mushroom
  2887 | D        | Noticed a spiny frog
  2887 | D        | Noticed a komodo dragon
  2887 | D        | Noticed a spiny frog
  2893 | D        | Killed a komodo dragon
  2893 | D        | Reached skill level 16 in Stealth
  2893 | D        | Reached skill level 5 in Conjurations
  2895 | D        | Killed a spiny frog
  2897 | D        | Killed a spiny frog
  2925 | D        | Noticed a redback
  2927 | D        | Killed a redback
  2928 | D        | Noticed a brain worm
  2932 | D        | Killed a brain worm
  2938 | D        | Noticed a brain worm
  2941 | D        | Killed a brain worm
  2948 | D        | Noticed a lindwurm
  2950 | D        | Noticed a redback
  2951 | D        | Killed a lindwurm
  2951 | D        | Reached skill level 10 in Hexes
  2953 | D        | Killed a redback
  2953 | D        | Reached skill level 15 in Dodging
  2959 | D        | Noticed a redback
  2960 | D        | Killed a redback
  2961 | D        | Noticed Maud
  2963 | D        | Killed Maud
  2963 | D        | Reached skill level 17 in Stealth
  2963 | D        | Reached XP level 11. HP: 47/47 MP: 27/29
  3074 | D        | Noticed an electric eel
  3075 | D        | Noticed a four-headed hydra
  3075 | D        | Noticed a four-headed hydra
  3078 | D        | Killed an electric eel
  3297 | D        | Killed a four-headed hydra
  3313 | D        | Killed a four-headed hydra
  3335 | D        | Noticed a death drake
  3338 | D        | Killed a death drake
  3345 | D        | Found a blossoming altar of Fedhas.
  3345 | D        | Noticed a spriggan
  3345 | D        | Noticed a spriggan druid
  3345 | D        | Noticed a spriggan
  3347 | D        | Killed a spriggan druid
  3355 | D        | Killed a spriggan
  3357 | D        | Killed a spriggan
  3357 | D        | Reached skill level 18 in Stealth
  3416 | D        | Noticed an anaconda
  3417 | D        | Noticed a water moccasin
  3419 | D        | Noticed an anaconda
  3424 | D        | Killed an anaconda
  3425 | D        | Killed a water moccasin
  3427 | D        | Killed an anaconda
  3442 | D        | Killed a yaktaur
  3483 | D        | Noticed an anaconda
  3483 | D        | Noticed a water moccasin
  3483 | D        | Noticed an anaconda
  3485 | D        | Killed an anaconda
  3489 | D        | Killed an anaconda
  3489 | D        | Reached skill level 10 in Short Blades
  3491 | D        | Killed a water moccasin
  3514 | D        | Noticed an anaconda
  3514 | D        | Noticed a black mamba
  3514 | D        | Noticed a black mamba
  3516 | D        | Killed a black mamba
  3517 | D        | Killed a black mamba
  3520 | D        | Killed an anaconda
  3541 | D        | Noticed a naga
  3541 | D        | Noticed a naga
  3542 | D        | Noticed a naga warrior
  3542 | D        | Noticed a greater naga
  3542 | D        | Found Wips's Antique Weapon Shop.
  3542 | D        | Found Dism's Food Shoppe.
  3543 | D        | Killed a naga
  3544 | D        | Killed a naga
  3545 | D        | Found Qeuxy's Gadget Boutique.
  3546 | D        | Killed a naga warrior
  3546 | D        | Reached skill level 19 in Stealth
  3546 | D        | Reached skill level 15 in Spellcasting
  3546 | D        | Reached XP level 12. HP: 51/51 MP: 26/32
  3547 | D        | Killed a greater naga
  3562 | D        | Noticed a guardian serpent
  3564 | D        | Killed a guardian serpent
  3566 | D        | Got a serpentine rune of Zot
  3648 | D        | Noticed a swamp drake
  3648 | D        | Noticed a fire drake
  3649 | D        | Killed a fire drake
  3651 | D        | Killed a swamp drake
  3660 | D        | Noticed a blink frog
  3660 | D        | Noticed a blink frog
  3661 | D        | Noticed a blink frog
  3661 | D        | Noticed a blink frog
  3662 | D        | Killed a blink frog
  3663 | D        | Noticed a blink frog
  3664 | D        | Killed a blink frog
  3671 | D        | Killed a blink frog
  3673 | D        | Killed a blink frog
  3683 | D        | Killed a blink frog
  3792 | D        | Noticed Rupert
  3794 | D        | Killed Rupert
  3794 | D        | Reached skill level 20 in Stealth
  3813 | D        | Noticed a death yak
  3814 | D        | Noticed a death yak
  3814 | D        | Noticed a blink frog
  3816 | D        | Killed a death yak
  3817 | D        | Noticed an azure jelly
  3817 | D        | Noticed a death yak
  3817 | D        | Noticed an azure jelly
  3817 | D        | Noticed a blink frog
  3817 | D        | Noticed a death yak
  3818 | D        | Killed a death yak
  3819 | D        | Killed a blink frog
  3820 | D        | Noticed a blink frog
  3820 | D        | Noticed a black mamba
  3821 | D        | Killed a death yak
  3823 | D        | Killed a blink frog
  3824 | D        | Noticed a black mamba
  3825 | D        | Killed a death yak
  3828 | D        | Killed a black mamba
  3829 | D        | Killed a black mamba
  3834 | D        | Killed a blink frog
  3837 | D        | Noticed an azure jelly
  3837 | D        | Noticed an azure jelly
  3968 | D        | Noticed a fire dragon
  3972 | D        | Killed a fire dragon
  3974 | D        | Noticed a fire dragon
  3979 | D        | Noticed a fire dragon
  3979 | D        | Found Kiomed's Food Shoppe.
  3979 | D        | Found Fiece's Gadget Boutique.
  3979 | D        | Found Paong's Antique Armour Emporium.
  3980 | D        | Killed a fire dragon
  3989 | D        | Noticed a fire dragon
  3999 | D        | Killed a fire dragon
  4156 | D        | Killed a fire dragon
  4156 | D        | Reached skill level 21 in Stealth
  4156 | D        | Reached XP level 13. HP: 55/55 MP: 31/34
  4182 | D        | Noticed a fire dragon
  4448 | D        | Killed a fire dragon
  4585 | D        | Noticed a seven-headed hydra
  4585 | D        | Noticed Xtahua
  4587 | D        | Killed Xtahua
  4589 | D        | Killed a seven-headed hydra
  4594 | D        | Got a decaying rune of Zot
  4779 | D        | Noticed an elephant
  4779 | D        | Noticed an elephant
  4779 | D        | Noticed a dire elephant
  4779 | D        | Noticed a dire elephant
  4779 | D        | Noticed Gastronok
  4781 | D        | Killed Gastronok
  4781 | D        | Reached skill level 10 in Poison Magic
  4782 | D        | Killed a dire elephant
  4784 | D        | Killed a dire elephant
  4793 | D        | Killed an elephant
  4795 | D        | Killed an elephant
  4795 | D        | Reached skill level 22 in Stealth
  4875 | D        | Killed Dowan
  4899 | D        | Killed Duvessa
  4920 | D        | Noticed an orc high priest
  4920 | D        | Noticed an orc priest
  4921 | D        | Noticed an orc high priest
  4921 | D        | Noticed an orc priest
  4922 | D        | Killed an orc high priest
  4923 | D        | Killed an orc priest
  4925 | D        | Killed an orc priest
  4926 | D        | Killed an orc high priest
  4977 | D        | Noticed a spriggan defender
  4978 | D        | Noticed a spriggan defender
  4978 | D        | Noticed a spriggan defender
  4978 | D        | Noticed a spriggan defender
  4979 | D        | Killed a spriggan defender
  4980 | D        | Killed a spriggan defender
  4982 | D        | Killed a spriggan defender
  4983 | D        | Killed a spriggan defender
  5116 | D        | Noticed a green ugly thing
  5123 | D        | Killed a green ugly thing
  5293 | D        | Noticed a slime creature
  5305 | D        | Killed a slime creature
  5330 | D        | Noticed a centaur warrior
  5330 | D        | Noticed a purple ugly thing
  5334 | D        | Killed a purple ugly thing
  5336 | D        | Killed a centaur warrior
  5365 | D        | Noticed a slime creature
  5366 | D        | Noticed a slime creature
  5366 | D        | Noticed a fire dragon
  5369 | D        | Killed a slime creature
  5370 | D        | Killed a fire dragon
  5374 | D        | Killed a slime creature
  5381 | D        | Noticed a halberd of chopping
  5381 | D        | Noticed a long sword of electrocution
  5382 | D        | Noticed a mace of protection
  5383 | D        | Noticed a flail of protection
  5384 | D        | Killed a mace of protection
  5386 | D        | Killed a flail of protection
  5389 | D        | Killed a long sword of electrocution
  5390 | D        | Killed a halberd of chopping
  5398 | D        | Got an ebony rapier
  5399 | D        | Identified the +1 rapier "Qegry" {antimagic, Int+5} (You found it in the Dungeon)
  5609 | D        | Noticed an orc high priest
  5610 | D        | Noticed an orc warrior
  5610 | D        | Noticed an orc warrior
  5610 | D        | Noticed an orc warrior
  5610 | D        | Noticed an orc priest
  5610 | D        | Noticed an orc wizard
  5610 | D        | Noticed an orc warrior
  5610 | D        | Found Dischox's Jewellery Shoppe.
  5611 | D        | Killed an orc high priest
  5611 | D        | Reached skill level 10 in Air Magic
  5624 | D        | Killed an orc warrior
  5624 | D        | Killed an orc wizard
  5627 | D        | Killed an orc warrior
  5637 | D        | Killed an orc warrior
  5785 | D        | Killed an orc priest
  5790 | D        | Killed an orc warrior
  5975 | D        | Noticed a deep elf summoner
  5975 | D        | Noticed a deep elf priest
  5975 | D        | Noticed a deep elf knight
  5975 | D        | Noticed a deep elf knight
  5975 | D        | Noticed a deep elf summoner
  5983 | D        | Noticed a deep elf annihilator
  5990 | D        | Killed a deep elf priest
  5992 | D        | Killed a deep elf knight
  5992 | D        | Reached skill level 23 in Stealth
  5992 | D        | Reached XP level 14. HP: 52/59 MP: 27/37
  5992 | D        | Killed a deep elf summoner
  5992 | D        | Killed a deep elf summoner
  5995 | D        | Killed a deep elf knight
  5995 | D        | Reached skill level 10 in Ice Magic
  6057 | D        | Noticed a deep elf annihilator
  6084 | D        | Killed a deep elf annihilator
  6252 | D        | Noticed a deep elf annihilator
  6285 | D        | Killed a deep elf annihilator
  6287 | D        | Got a brightly glowing amber ring
  6407 | D        | Noticed a deep elf high priest
  6491 | D        | Noticed a deep elf master archer
  6545 | D        | Noticed a deep elf death mage
  6545 | D        | Noticed a deep elf annihilator
  6705 | D        | Killed a deep elf high priest
  6709 | D        | Killed a deep elf annihilator
  6859 | D        | Killed a deep elf master archer
  7178 | D        | Killed a deep elf annihilator
  7390 | D        | Killed a deep elf death mage
  7393 | D        | Killed a ghostly deep elf death mage
  7410 | D        | Identified the Volume of Confrontation
  7442 | D        | Got a twitching amber ring
  7460 | D        | Identified the ring "Aruimuis" {+Fly MR+ MP+9 Stlth-} (You took it off a deep elf annihilator in the Dungeon)
  7468 | D        | Identified the ring "Nyhept" {rF+ rC+ Int+3 Dex+4 Stlth-} (You took it off a deep elf annihilator in the Dungeon)
  7652 | D        | Noticed an obsidian statue
  7681 | D        | Killed an obsidian statue
  7810 | D        | Found Telom's Jewellery Emporium.
  7810 | D        | Found Kometwew's Distillery.
  7810 | D        | Found Pumuits's Weapon Boutique.
  7810 | D        | Found Ciome's Magic Scroll Shoppe.
  7810 | D        | Found Pomuek's Armour Boutique.
  7810 | D        | Found Ompij's Magic Scroll Emporium.
  7810 | D        | Found Fufeetyu's Food Shoppe.
  7810 | D        | Found Fuogat's Gadget Shop.
  7810 | D        | Found Mill's Book Shop.
  7810 | D        | Found Helub Zekehi's Antique Armour Emporium.
  7810 | D        | Found Bemuar's Distillery.
  7810 | D        | Found Iceepihe's Antique Weapon Boutique.
  7831 | D        | Bought a scroll of magic mapping for 49 gold pieces
  7835 | D        | Learned a level 2 spell: Slow
  7837 | D        | Learned a level 1 spell: Magic Dart
  7841 | D        | Learned a level 3 spell: Gell's Gravitas
  7846 | D        | Learned a level 4 spell: Cause Fear
  7851 | D        | Learned a level 4 spell: Leda's Liquefaction
  7853 | D        | Learned a level 1 spell: Animate Skeleton
  7855 | D        | Learned a level 1 spell: Pain
  7859 | D        | Learned a level 3 spell: Regeneration
  7863 | D        | Learned a level 3 spell: Vampiric Draining
  7863 | D        | Bought 3 scrolls of identify for 84 gold pieces
  7957 | D        | Bought a glowing cloak for 112 gold pieces
  7983 | D        | Noticed a crystal guardian
  7983 | D        | Noticed a crystal guardian
  7983 | D        | Noticed a crystal guardian
  7983 | D        | Noticed a crystal guardian
  7984 | D        | Killed a crystal guardian
  7984 | D        | Reached skill level 1 in Evocations
  7986 | D        | Killed a crystal guardian
  7988 | D        | Killed a crystal guardian
  7988 | D        | Reached skill level 1 in Charms
  7988 | D        | Reached skill level 1 in Translocations
  7989 | D        | Killed a crystal guardian
  7989 | D        | Reached skill level 24 in Stealth
  8121 | D        | Noticed a yaktaur captain
  8121 | D        | Noticed a yaktaur
  8121 | D        | Noticed a yaktaur captain
  8123 | D        | Killed a yaktaur captain
  8123 | D        | Reached skill level 1 in Earth Magic
  8125 | D        | Noticed a yaktaur
  8127 | D        | Killed a yaktaur
  8132 | D        | Killed a yaktaur captain
  8132 | D        | Reached skill level 1 in Necromancy
  8136 | D        | Killed a yaktaur
  8283 | D        | Noticed Azrael
  8285 | D        | Killed Azrael
  8476 | D        | Noticed a slime creature
  8476 | D        | Noticed a green ugly thing
  8477 | D        | Noticed a slime creature
  8478 | D        | Killed a green ugly thing
  8479 | D        | Noticed a mana viper
  8479 | D        | Noticed a yaktaur captain
  8480 | D        | Killed a slime creature
  8482 | D        | Killed a mana viper
  8486 | D        | Killed a slime creature
  8499 | D        | Killed a yaktaur captain
  8565 | D        | Noticed Chuck
  8575 | D        | Killed Chuck
  8583 | D        | Noticed a slime creature
  8589 | D        | Killed a slime creature
  8603 | D        | Noticed Norris
  8607 | D        | Killed Norris
  8607 | D        | Reached skill level 15 in Hexes
  8625 | D        | Noticed a green ugly thing
  8628 | D        | Killed a green ugly thing
  8639 | D        | Noticed a lich
  8642 | D        | Killed a lich
  8648 | D        | Noticed a brown ugly thing
  8648 | D        | Noticed a slime creature
  8651 | D        | Killed a brown ugly thing
  8651 | D        | Reached skill level 5 in Charms
  8651 | D        | Reached skill level 5 in Evocations
  8652 | D        | Noticed a shadow dragon
  8658 | D        | Killed a slime creature
  8658 | D        | Reached skill level 5 in Translocations
  8664 | D        | Noticed a shadow dragon
  8666 | D        | Noticed an ogre mage
  8668 | D        | Killed a shadow dragon
  8669 | D        | Killed a shadow dragon
  8670 | D        | Killed an ogre mage
  8670 | D        | Reached skill level 25 in Stealth
  8670 | D        | Reached XP level 15. HP: 63/63 MP: 40/40
  8684 | D        | Noticed an obsidian statue
  8685 | D        | Noticed a purple ugly thing
  8693 | D        | Killed a purple ugly thing
  8715 | D        | Killed an obsidian statue
  8928 | D        | Noticed a vampire knight
  8938 | D        | Killed a vampire knight
  8966 | D        | Noticed a skeletal warrior
  8968 | D        | Killed a skeletal warrior
  8974 | D        | Noticed a vampire knight
  8997 | D        | Killed a vampire knight
  9020 | D        | Noticed a skeletal warrior
  9022 | D        | Killed a skeletal warrior
  9029 | D        | Noticed a skeletal warrior
  9031 | D        | Killed a skeletal warrior
  9038 | D        | Noticed a bone dragon
  9040 | D        | Killed a bone dragon
  9040 | D        | Reached skill level 10 in Conjurations
  9060 | D        | Noticed a bone dragon
  9062 | D        | Killed a bone dragon
  9080 | D        | Noticed a bone dragon
  9082 | D        | Killed a bone dragon
  9082 | D        | Reached skill level 5 in Earth Magic
  9095 | D        | Noticed a bone dragon
  9128 | D        | Learned a level 5 spell: Iskenderun's Battlesphere
  9231 | D        | Noticed a greater mummy
  9231 | D        | Noticed Antaeus
  9233 | D        | Annihilated by Antaeus

Vault maps used:
D:        dungeon_sprint_mu

Action                   |  1- 3 |  4- 6 |  7- 9 | 10-12 | 13-15 || total
-------------------------+-------+-------+-------+-------+-------++-------
Melee: Dagger            |    17 |    27 |    63 |    78 |   153 ||   338
       Quick blade       |       |       |       |       |   160 ||   160
Throw: Throwing net      |       |       |       |       |     2 ||     2
 Cast: Ensorcelled Hiber |     8 |       |    52 |    37 |    28 ||   125
       Confuse           |     2 |       |     1 |     2 |    15 ||    20
       Dazzling Spray    |       |     3 |     7 |     7 |    59 ||    76
       Mephitic Cloud    |       |       |     1 |       |       ||     1
       Freezing Cloud    |       |       |       |       |    12 ||    12
       Poisonous Cloud   |       |       |       |       |     2 ||     2
       Tukima's Dance    |       |       |       |       |     4 ||     4
       Iskenderun's Batt |       |       |       |       |     1 ||     1
Invok: Shadow Step       |       |       |       |    17 |    13 ||    30
 Abil: Evoke Flight      |       |       |       |       |     5 ||     5
       Evoke Invisibilit |       |       |       |       |     3 ||     3
  Use: Potion            |       |     5 |       |       |     3 ||     8
       Scroll            |       |     3 |     1 |       |     5 ||     9
 Stab: Sleeping          |     5 |     6 |    30 |    60 |    65 ||   166
       Confused          |       |       |     4 |       |     5 ||     9
       Invisible         |       |       |     1 |     3 |     5 ||     9
       Distracted        |       |       |       |       |     1 ||     1
  Eat: Bread ration      |       |       |     1 |       |       ||     1
       Fruit             |       |       |       |       |    10 ||    10
